 Dungeon Crawl Stone Soup version 0.19-b1-5-gdc9fa9d (webtiles) character file.

5433 odei the Cleaver (level 10, -10/76 HPs)
             Began as a Demonspawn Berserker on Oct 31, 2016.
             Was a High Priest of Trog.
             Mangled by a spiny frog (20 damage)
             ... on level 1 of the Lair of Beasts.
             The game lasted 01:59:35 (9759 turns).

odei the Cleaver (Demonspawn Berserker)             Turns: 9759, Time: 01:59:36

Health: -10/76     AC: 11    Str: 17    XL:     10   Next: 41%
Magic:  10/10      EV: 15    Int: 10    God:    Trog [*****.]
Gold:   627        SH:  0    Dex: 15    Spells: 0 memorised, 9 levels left

rFire  . . .     SeeInvis .     b - +3 hand axe (vamp)
rCold  . . .     Gourm    .     G - +1 troll leather armour {hillary for prison}
rNeg   . . .     Faith    .     (no shield)
rPois  +         Spirit   .     j - +1 helmet
rElec  .         Reflect  .     N - +0 cloak {MR+}
rCorr  .         Harm     .     l - +0 pair of gloves
MR     +....     Clarity  +     (no boots)
Stlth  +++.......               y - amulet of rage
                                (no ring)
                                (no ring)

@: no status effects
A: hooves 2, slimy green scales 1, clarity, demonic guardian 1, poison
resistance, powered by pain 2, no device heal 1
a: Berserk, Trog's Hand, Brothers in Arms, Burn Spellbooks, Renounce Religion,
Evoke Berserk Rage


You were on level 1 of the Lair of Beasts.
You worshipped Trog.
Trog was extremely pleased with you.
You were not hungry.

You visited 3 branches of the dungeon, and saw 10 of its levels.

You collected 627 gold pieces.

Inventory:

Hand Weapons
 b - a +3 vampiric hand axe (weapon)
 e - a +0 shortbow
 w - a +0 blowgun
 C - a +0 war axe
 E - a +4 short sword
Missiles
 f - 112 arrows
 A - 37 poisoned needles
Armour
 j - a +1 helmet (worn)
 l - a +0 pair of gloves (worn)
 n - a +0 plate armour
 G - a +1 troll leather armour (worn) {hillary for prison}
 N - a +0 cloak of magic resistance (worn)
Jewellery
 d - a cursed ring of positive energy {unknown}
 y - an amulet of rage (around neck)
Wands
 t - a wand of polymorph (10/24)
Scrolls
 g - 3 scrolls of remove curse
 k - 3 scrolls of recharging
 m - 3 scrolls of teleportation
 o - a scroll of noise
 v - 2 scrolls of magic mapping
 B - a scroll of immolation {unknown}
 F - a scroll of blinking
 K - 2 scrolls of amnesia {unknown}
 R - a scroll of random uselessness {unknown}
 S - a scroll of summoning {unknown}
Potions
 c - a potion of cure mutation
 h - a potion of magic
 i - a potion of agility {unknown}
 p - a potion of mutation
 q - 2 potions of berserk rage
 r - a potion of invisibility {unknown}
 u - 2 potions of flight
 z - a potion of lignification
 D - a potion of degeneration {unknown}
 O - a potion of might {unknown}
Comestibles
 a - a bread ration
 J - 8 royal jellies
 L - 3 fruits
 Q - 2 slices of pizza


   Skills:
 + Level 6.1 Fighting
 * Level 10.3 Axes
   Level 0.3 Staves
   Level 4.0(4.1) Slings
 + Level 1.0(2.7) Throwing
 - Level 1.9 Armour
 * Level 5.8 Dodging
 * Level 5.5 Stealth


You had 9 spell levels left.
You didn't know any spells.

Dungeon Overview and Level Annotations

Branches:
Dungeon (8/15)             Temple (1/1) D:7            Lair (1/6) D:8

Altars:
Ashenzari
Cheibriados
Dithmenos
Elyvilon
Fedhas
Gozag
Hepliaklqana
Kikubaaqudgha
Makhleb
Nemelex Xobeh
Okawaru
Qazlal
Ru
Sif Muna
Trog
Uskayaw
Vehumet
Xom
Yredelemnul
Zin
The Shining One


Innate Abilities, Weirdness & Mutations

You have hoof-like feet.
You are partially covered in slimy green scales. (AC +2)
A weak demonic guardian rushes to your aid.
You sometimes gain power by taking damage.
You possess an exceptional clarity of mind.
Your system is resistant to poisons. (rPois)
Potions and wands are less effective at restoring your health.


Message History

The hippogriff claws you.
* * * LOW HITPOINT WARNING * * *
Okay, then.
As you read the scroll of teleportation, it crumbles to dust.
You feel strangely unstable.
Your white imp gestures at the spiny frog.
The puff of frost hits the spiny frog.
The spiny frog stings your white imp!
Your white imp dies!
The hippogriff misses you.
The hippogriff pecks you but does no damage.
The hippogriff barely misses you.
As you read the scroll of teleportation, it crumbles to dust.
You feel strangely stable. The spiny frog stings you.
* * * LOW HITPOINT WARNING * * *
The hippogriff bites you but does no damage.
The hippogriff closely misses you. The hippogriff claws you.
* * * LOW HITPOINT WARNING * * *
Unknown command.
The spiny frog stings you!!
You die...

.......###P### #....
.........#.....## ##....
.≈≈≈≈≈≈≈.....#..####.....
.≈≈≈≈≈≈≈.......P##.......
.≈≈≈≈≈≈≈.......# #..#....
.≈≈≈≈≈≈≈.#...#.###..#....
.#
.≈≈≈≈≈≈≈.....#......#....
..
........F....#.###..#....
.#
......H.@......###..#....
..
......................[..
..
.........................
##
.........................
.#
................###......
.#
................###.#....
..
#..##...##.......#..#....
.. #.. .....
..(....(..#..P# ..
.............


You could see a hippogriff and a spiny frog.

Vanquished Creatures
  A rime drake (Lair:1)
  Grinder (D:3)
  2 hornets (D:8)
  2 hippogriffs
  3 water moccasins
  A hornet zombie (D:7)
  3 orc warriors
  A necrophage (D:7)
  An ice beast (D:7)
  2 phantoms
  3 black bears
  5 ogres
  2 crocodiles (Lair:1)
  Blork the orc (D:5)
  5 big kobolds
  A bullfrog (D:7)
  A scorpion (D:4)
  A howler monkey (D:6)
  2 crimson imps
  A quasit (D:8)
  5 jellies
  3 orc priests
  3 hounds
  Crazy Yiuf (D:6)
  A bullfrog skeleton (D:5)
  8 orc wizards
  An iguana (D:5)
  4 worker ants
  A hound skeleton (D:7)
  17 gnolls
  11 adders
  3 oozes
  2 adder skeletons
  2 worms
  2 dart slugs
  A leopard gecko (D:2)
  21 orcs
  3 ball pythons
  6 giant cockroaches
  30 goblins
  27 hobgoblins
  7 jackals
  2 quokkas
  A bat (D:1)
  2 frilled lizards
  27 kobolds
  A quokka skeleton (D:5)
  6 rats
  A plant (D:1)
238 creatures vanquished.

Vanquished Creatures (collateral kills)
  Prince Ribbit (D:8)
  A hornet (D:8)
  A soldier ant (D:8)
  A water moccasin (Lair:1)
  An ogre (D:5)
  A crocodile (D:7)
  A centaur (D:8)
  A water moccasin skeleton (D:6)
  A crimson imp (D:8)
  A bullfrog zombie (D:7)
  An iguana (D:5)
  4 gnolls (D:5)
  An orc (D:7)
  9 goblins (D:5)
  10 hobgoblins
  2 jackals (D:7)
37 creatures vanquished.

Grand Total: 275 creatures vanquished

Notes
Turn   | Place    | Note
-------+----------+-------------------------------------------
     0 | D:1      | odei the Demonspawn Berserker began the quest for the Orb.
     0 | D:1      | Reached XP level 1. HP: 18/18 MP: 1/1
   184 | D:1      | Gained mutation: You sometimes gain a little power by taking damage. [demonic ancestry]
   184 | D:1      | Reached XP level 2. HP: 17/24 MP: 2/2
   417 | D:1      | Reached skill level 3 in Axes
   690 | D:1      | Gained mutation: You have large cloven feet. [demonic ancestry]
   690 | D:1      | Reached XP level 3. HP: 18/29 MP: 3/3
  1275 | D:2      | Reached ** piety under Trog
  1809 | D:2      | Found a sparkling altar of Nemelex Xobeh.
  2057 | D:2      | Gained mutation: You have hoof-like feet. [demonic ancestry]
  2057 | D:2      | Reached XP level 4. HP: 35/35 MP: 4/4
  2378 | D:3      | Reached skill level 1 in Slings
  2572 | D:3      | Found a faded altar of an unknown god.
  2612 | D:3      | Reached XP level 5. HP: 42/42 MP: 5/5
  2711 | D:3      | Reached *** piety under Trog
  2744 | D:3      | Reached skill level 1 in Stealth
  3030 | D:4      | Noticed an ogre
  3045 | D:4      | Killed an ogre
  3045 | D:4      | Reached skill level 4 in Axes
  3045 | D:4      | Gained mutation: A weak demonic guardian rushes to your aid. [demonic ancestry]
  3045 | D:4      | Reached XP level 6. HP: 48/48 MP: 6/6
  3742 | D:3      | Noticed Grinder
  3760 | D:3      | Paralysed by Grinder for 4 turns
  3766 | D:3      | HP: 1/72 [Grinder (5)]
  3767 | D:3      | Killed Grinder
  3767 | D:3      | Reached skill level 5 in Axes
  3767 | D:3      | Reached XP level 7. HP: 1/54 MP: 7/7
  4047 | D:5      | Entered Level 5 of the Dungeon
  4643 | D:5      | Noticed Blork the orc
  4748 | D:5      | Killed Blork the orc
  4748 | D:5      | Reached skill level 6 in Axes
  4922 | D:5      | Reached XP level 8. HP: 56/60 MP: 8/8
  4928 | D:5      | Reached **** piety under Trog
  5773 | D:6      | Reached skill level 7 in Axes
  6131 | D:6      | Reached skill level 1 in Throwing
  6257 | D:6      | Gained mutation: You are partially covered in slimy green scales. (AC +2) [demonic ancestry]
  6257 | D:6      | Reached XP level 9. HP: 67/67 MP: 9/9
  6328 | D:6      | Found a runed door.
  6332 | D:6      | Noticed Crazy Yiuf
  6338 | D:6      | Killed Crazy Yiuf
  6650 | D:7      | Reached skill level 8 in Axes
  6688 | D:7      | Reached skill level 5 in Fighting
  6845 | D:7      | Reached ***** piety under Trog
  6853 | D:7      | Received a gift from Trog
  6949 | D:7      | Received a gift from Trog
  6949 | D:7      | Reached skill level 9 in Axes
  7425 | D:7      | Gained mutation: You possess an exceptional clarity of mind. [potion of mutation]
  7425 | D:7      | Gained mutation: Potions and wands are less effective at restoring your health. [potion of mutation]
  7425 | D:7      | Gained mutation: Your system is resistant to poisons. (rPois) [potion of mutation]
  7535 | D:7      | Found a staircase to the Ecumenical Temple.
  7765 | Temple   | Entered the Ecumenical Temple
  8588 | D:8      | Noticed Prince Ribbit
  8610 | D:8      | Killed Prince Ribbit
  8610 | D:8      | Reached skill level 5 in Dodging
  8610 | D:8      | Reached skill level 5 in Stealth
  8652 | D:8      | Found a staircase to the Lair.
  8669 | Lair:1   | Entered Level 1 of the Lair of Beasts
  8772 | D:8      | Gained mutation: You sometimes gain power by taking damage. [demonic ancestry]
  8772 | D:8      | Reached XP level 10. HP: 65/76 MP: 10/10
  8917 | D:8      | Reached skill level 10 in Axes
  9695 | Lair:1   | Noticed a black mamba
  9744 | Lair:1   | Noticed a spiny frog
  9759 | Lair:1   | Mangled by a spiny frog

Skill      XL: |  1  2  3  4  5  6  7  8  9 10 |
---------------+-------------------------------+-----
Dodging        | 2 3 4 5 |  5.8
Axes           | 3 4 5 6 7 9 10 | 10.3
Slings         | 1 2 3 4 |  4.0
Stealth        | 1 2 4 5 |  5.5
Fighting       | 4 5 6 |  6.1
Throwing       | 1 |  1.0
Staves         | |  0.3
Armour         | |  1.9

Action                   |  1- 3 |  4- 6 |  7- 9 | 10-12 || total
-------------------------+-------+-------+-------+-------++-------
Melee: Hand axe          |   171 |    67 |   221 |    99 ||   558
       Kick              |    41 |    27 |   118 |    30 ||   216
       War axe           |       |    27 |   191 |       ||   218
       Short sword       |       |     7 |       |       ||     7
       Quarterstaff      |       |       |    12 |       ||    12
 Fire: Hunting sling     |    30 |    29 |    51 |       ||   110
       Blowgun           |       |       |     9 |     2 ||    11
Throw: Stone             |    25 |     7 |       |       ||    32
Invok: Berserk           |     3 |     3 |     8 |       ||    14
       Trog's Hand       |       |     1 |       |       ||     1
       Brothers in Arms  |       |       |     5 |     1 ||     6
       Burn Spellbooks   |       |       |     1 |       ||     1
 Abil: Evoke Berserk Rag |       |     1 |       |       ||     1
Evoke: Wand              |       |       |     1 |       ||     1
  Use: Scroll            |     1 |     7 |    15 |     4 ||    27
       Potion            |     1 |     1 |     2 |     4 ||     8
 Stab: Distracted        |       |       |     3 |       ||     3
       Sleeping          |       |       |       |     2 ||     2
  Eat: Bread ration      |     1 |     2 |     2 |       ||     5
       Chunk             |     1 |       |    14 |     1 ||    16
       Pizza             |     1 |       |       |       ||     1
       Beef jerky        |       |     1 |       |     3 ||     4
       Meat ration       |       |     2 |     3 |       ||     5
       Royal jelly       |       |       |       |     1 ||     1
       Fruit             |       |       |       |     1 ||     1
Armor: Animal skin       |    21 |       |       |       ||    21
       Leather armour    |    24 |     8 |       |       ||    32
       Ring mail         |       |    28 |       |       ||    28
       Chain mail        |       |    16 |       |       ||    16
       Troll leather arm |       |       |   162 |    31 ||   193
Dodge: Dodged            |   105 |    68 |   363 |   113 ||   649
